Map: Port Aleksander LE

Players

souL - Winner!

  • Race: Terran Terran
  • Spawn Location: 11:00

SKillous

  • Race: Protoss Protoss
  • Spawn Location: 5:00

Event: 2019 WCS Spring

VOD

Have the link to the VOD?

Description

Time

  • Played on: May 17, 2019, 1:02 p.m.
  • Length: 13:36

All games in this series

Show
View Real Time Build Order
Export as new Build Order

souL Terran - Winner!

Build Orders: Gas First Reaper Expand, Banshee Rush 

Get SALT Encoding   

  12  0:00  SCV  
  13  0:12  SCV  
  14  0:17  Supply Depot  
  14  0:24  SCV  
  15  0:29  Refinery  
  15  0:39  SCV  
  16  0:45  Barracks  
  16  0:52  SCV  
  17  1:04  SCV  
  18  1:16  SCV  
  19  1:35  Reaper, Orbital Command  
  20  1:49  Command Center  
  20  2:00  Factory  
  20  2:04  SCV  
  21  2:09  Barracks Reactor  
  21  2:13  Supply Depot  
  21  2:17  SCV  
  21  2:21  Refinery  
  22  2:29  SCV  
  23  2:41  SCV  
  24  2:48  Marine x2  
  24  2:49  Widow Mine  
  27  2:53  SCV  
  27  2:54  Starport  
  28  3:04  Orbital Command  
  28  3:05  SCV  
  28  3:07  Marine  
  28  3:08  Marine  
  30  3:15  Factory Tech Lab  
  30  3:18  SCV  
  31  3:25  Marine  
  31  3:26  Marine  
  33  3:29  SCV  
  33  3:30  SCV  
  35  3:39  Bunker  
  35  3:41  Cloaking Field  
  35  3:43  Banshee  
  35  3:45  Factory Tech Lab  
  35  3:46  SCV  
  39  3:49  SCV  
  39  3:53  Supply Depot  
  40  3:58  SCV  
  40  3:59  Marine x2  
  40  4:02  SCV  
  44  4:10  SCV  
  44  4:14  SCV, Siege Tank  
  49  4:17  Supply Depot  
  49  4:20  Marine  
  49  4:23  SCV  
  51  4:27  SCV, Viking  
  54  4:37  Supply Depot  
  54  4:38  Engineering Bay  
  54  4:39  SCV x2  
  54  4:42  Marine  
  55  4:51  SCV  
  55  4:52  SCV  
  53  5:00  Banshee  
  56  5:08  Missile Turret  
  56  5:12  SCV  
  54  5:16  SCV  
  55  5:24  SCV  
  57  5:28  SCV  
  57  5:29  Missile Turret  
  57  5:36  SCV  
  57  5:38  Barracks  
  57  5:40  SCV  
  59  5:48  SCV  
  59  5:49  Raven  
  60  5:50  Supply Depot  
  60  5:56  Supply Depot  
  62  6:01  Supply Depot  
  62  6:04  Supply Depot  
  62  6:06  Supply Depot  
  62  6:14  Supply Depot  
  62  6:15  SCV  
  61  6:19  Siege Tank  
  61  6:21  Engineering Bay  
  61  6:22  SCV  
  62  6:35  SCV x2  
  62  6:37  Terran Infantry Weapons Level 1, Supply Depot  
  64  6:41  Refinery  
  64  6:42  Starport Reactor  
  64  6:46  Stimpack, Marine x3  
  67  6:47  SCV  
  68  6:57  SCV  
  68  7:00  Barracks  
  69  7:02  Supply Depot  
  69  7:03  Factory Reactor  
  69  7:04  Marine  
  69  7:05  SCV  
  69  7:06  Marine  
  69  7:07  Supply Depot, Marine  
  73  7:22  Marine  
  74  7:23  Marine  
  74  7:24  Marine  
  74  7:29  SCV  
  77  7:31  SCV  
  77  7:32  Refinery  
  77  7:34  Medivac x2  
  79  7:38  Supply Depot  
  79  7:39  Command Center  
  79  7:42  SCV  
  79  7:43  Marine  
  79  7:44  Marauder  
  83  7:46  Widow Mine  
  83  7:47  SCV  
  83  7:49  Marine  
  87  7:58  Supply Depot  
  87  8:00  Combat Shield, Supply Depot  
  87  8:01  Marine  
  87  8:05  Marine  
  90  8:06  Marauder  
  90  8:10  Widow Mine  
  93  8:15  SCV x2, Medivac  
  93  8:17  Supply Depot  
  97  8:20  Medivac  
  97  8:22  Marine  
  100  8:27  SCV  
  100  8:29  Barracks  
  100  8:32  SCV, Barracks  
  102  8:38  Marine  
  102  8:40  SCV  
  102  8:41  Terran Infantry Armor Level 1  
  104  8:44  SCV, Medivac  
  104  8:47  Concussive Shells  
  107  8:49  Marauder, Marine  
  107  8:50  Widow Mine  
  107  8:52  SCV  
  113  8:58  SCV  
  113  9:02  Supply Depot  
  116  9:03  Widow Mine  
  116  9:04  SCV  
  117  9:10  SCV  
  117  9:11  Widow Mine  
  117  9:13  Marauder x2  
  117  9:16  SCV  
  122  9:22  SCV, Orbital Command  
  122  9:23  Barracks Tech Lab, Barracks Reactor  
  125  9:24  Widow Mine, Marine  
  125  9:27  Marine  
  125  9:28  SCV  
  128  9:33  Widow Mine  
  128  9:34  SCV  
  128  9:36  Ghost Academy  
  128  9:37  Marauder  
  133  9:40  SCV, Marauder  
  133  9:42  Marine  
  133  9:43  Marauder  
  139  9:51  Medivac  
  139  9:58  Marine, Widow Mine x2  
  139  9:59  Marauder  
  144  10:05  Marauder  
  138  10:07  Marine  
  131  10:14  Ghost  
  129  10:22  Marauder, Marine  
  129  10:23  Medivac x2  
  129  10:27  Marine  
  137  10:29  Marine  
  137  10:30  Marauder  
  137  10:32  Marine  
  141  10:43  Orbital Command  
  141  10:54  Supply Depot  
  141  10:57  Supply Depot  
  141  11:10  Supply Depot x2  
  141  11:16  Marauder x2, Medivac, Marine x2  
  149  11:19  Marauder, Widow Mine  
  148  11:26  Marine  
  142  11:37  Marauder x2  
  142  11:38  Marine x3  
  142  11:39  Orbital Command  
  143  11:40  Marauder, Widow Mine  
  143  11:44  Marine  
  144  11:56  Marine x3  
  144  11:57  Bunker x2  
  151  12:03  Sensor Tower  
  151  12:08  SCV x3  
  154  12:16  Ghost  
  154  12:17  Armory, Marine  
  154  12:18  Engineering Bay  
  154  12:20  Marauder, SCV  
  156  12:26  Missile Turret  
  156  12:33  Ghost, Marine  
  159  12:37  Marine  
  159  12:41  Marauder  
  162  12:49  Marine  
  162  12:50  Marine  
  162  12:51  Marauder  
  140  12:54  Marine  
  140  12:56  Marine  
  121  13:02  Marauder, Marine  
  112  13:07  Marine  
  112  13:08  Marine  
  112  13:12  Marauder, Marine  
  111  13:14  Marine  
Show
View Real Time Build Order
Export as new Build Order

SKillous Protoss 

Build Orders: 1 Gate Expand, Zealot Archon, Archon Drop, Dark Templar Rush 

Get SALT Encoding   

  12  0:00  Probe  
  13  0:12  Probe  
  14  0:20  Pylon  
  14  0:24  Probe  
  15  0:34  Probe  
  15  0:42  Probe  
  16  0:43  Gateway  
  17  0:51  Assimilator  
  17  0:52  Probe  
  18  1:04  Probe  
  19  1:16  Probe  
  20  1:27  Nexus  
  20  1:37  Cybernetics Core  
  20  1:41  Probe  
  21  1:48  Assimilator  
  21  1:53  Probe  
  22  1:56  Pylon  
  22  2:05  Probe, Adept  
  23  2:14  Warp Gate  
  25  2:17  Probe  
  26  2:24  Twilight Council  
  26  2:29  Probe  
  27  2:40  Probe  
  27  2:42  Robotics Facility  
  27  2:43  Probe  
  28  2:48  Probe  
  28  2:52  Probe  
  28  2:56  Probe  
  30  3:04  Probe  
  32  3:09  Probe  
  33  3:13  Dark Shrine  
  33  3:17  Probe  
  33  3:19  Gateway  
  34  3:22  Gateway  
  34  3:24  Warp Prism  
  34  3:25  Probe  
  35  3:36  Probe  
  35  3:38  Probe  
  37  3:44  Probe, Gateway  
  38  3:50  Probe  
  38  3:52  Probe  
  38  3:53  Assimilator  
  39  3:58  Pylon  
  39  4:02  Probe x2  
  41  4:06  Assimilator  
  42  4:11  Probe  
  42  4:14  Probe  
  44  4:19  Probe  
  45  4:26  Dark Templar x3, Probe  
  45  4:28  Probe  
  52  4:38  Charge, Pylon  
  53  4:39  Pylon  
  51  4:59  Shield Battery  
  51  5:00  Shield Battery  
  51  5:08  Dark Templar  
  51  5:09  Observer, Dark Templar  
  51  5:12  Stalker x2  
  51  5:14  Probe  
  57  5:16  Probe  
  53  5:26  Probe  
  53  5:28  Probe  
  53  5:38  Probe  
  53  5:40  Probe  
  57  5:44  Archon  
  57  5:45  Dark Templar  
  57  5:46  Zealot x2, Dark Templar  
  57  5:48  Pylon  
  65  5:50  Observer, Probe  
  65  5:51  Forge  
  65  5:52  Archon  
  65  5:54  Probe  
  66  6:02  Gateway x2  
  66  6:06  Pylon  
  66  6:08  Zealot x2  
  70  6:11  Probe  
  71  6:19  Probe  
  71  6:20  Immortal  
  71  6:23  Probe  
  71  6:25  Protoss Ground Armor Level 1  
  65  6:31  Zealot, Probe  
  65  6:32  Zealot  
  70  6:35  Probe  
  71  6:41  Templar Archives  
  71  6:43  Pylon  
  71  6:47  Pylon  
  71  7:02  Nexus  
  71  7:06  Stalker x2, Pylon  
  71  7:07  Probe  
  74  7:10  Probe  
  69  7:17  Stalker  
  69  7:18  Probe  
  69  7:20  High Templar x2  
  73  7:24  Archon  
  73  7:25  Probe  
  73  7:26  Probe  
  71  7:35  Probe  
  72  7:38  Probe  
  72  7:41  High Templar x2  
  72  7:42  Warp Prism  
  80  7:48  Probe  
  81  7:54  Probe  
  81  8:00  Probe  
  81  8:05  Protoss Ground Armor Level 2, Archon  
  82  8:06  Probe  
  82  8:09  High Templar x2  
  82  8:10  Gateway x2  
  82  8:12  Probe  
  88  8:17  Probe, Archon  
  88  8:18  Probe  
  91  8:30  Probe, Pylon  
  91  8:32  Photon Cannon  
  91  8:34  Zealot x3  
  97  8:36  Sentry  
  99  8:42  Sentry  
  99  8:43  Zealot  
  99  8:46  Pylon  
  103  8:50  Observer  
  104  8:55  Zealot x3  
  104  9:00  Sentry  
  112  9:04  Stalker  
  114  9:11  Zealot x3  
  120  9:19  Zealot x3  
  120  9:20  Warp Prism  
  128  9:28  Dark Templar  
  128  9:32  Zealot  
  128  9:33  Zealot  
  128  9:37  Pylon  
  132  9:39  Pylon  
  132  9:40  Pylon  
  132  9:48  Zealot x2  
  133  9:56  Dark Templar  
  125  10:04  Zealot  
  125  10:06  Zealot x4  
  124  10:21  Zealot  
  124  10:22  Psionic Storm  
  124  10:24  Pylon  
  124  10:26  Pylon  
  126  10:46  High Templar x2  
  126  10:47  High Templar  
  132  10:59  Zealot x5  
  142  11:04  Pylon  
  142  11:06  Pylon  
  142  11:09  Pylon  
  142  11:22  Zealot x2  
  142  11:23  Zealot x2  
  134  11:32  Zealot x2  
  132  11:48  High Templar x2  
  132  11:49  High Templar x2  
  132  11:52  Zealot x2, High Templar  
  132  11:54  Archon x2  
  146  12:09  Nexus  
  146  12:21  High Templar  
  97  12:56  Zealot x4  
  97  12:57  Zealot x4  
  63  13:31  Zealot x6  
Tags
 
Add a new tag
Caveats
  • Supply blocks, unpowered buildings, or Contaminate may cause inaccurate times.
  • Supply counts are checked every 10 seconds.